 Dungeon Crawl Stone Soup version 0.25.1-2-g60ff931df9 (webtiles) character file.

Game seed: 11108142123330943990

13826 lepoulpe303 the Nimble (level 11, -5/56 HPs)
             Began as a Spriggan Fighter on Sept 18, 2020.
             Was a High Priest of Okawaru.
             Hit by a large rock thrown by a cyclops (31 damage)
             ... on level 11 of the Dungeon.
             The game lasted 01:16:06 (20443 turns).

lepoulpe303 the Nimble (Spriggan Fighter)          Turns: 20443, Time: 01:16:06

Health: -5/56      AC:  2    Str: 21    XL:     11   Next: 80%
Magic:  16/16      EV: 28    Int: 10    God:    Okawaru [*****.]
Gold:   532        SH:  8    Dex: 16    Spells: 10/10 levels left

rFire    . . .     SeeInvis +   a - +3 dagger (chaos)
rCold    . . .     Gourm    .   E - +1 buckler
rNeg     . . .     Faith    +   p - +0 robe
rPois    +         Spirit   .   (helmet restricted)
rElec    .         Reflect  .   (no cloak)
rCorr    .         Harm     .   (gloves unavailable)
MR       +....                  (boots unavailable)
Stlth    ++++......             f - amulet of faith {Faith, !P}
HPRegen  0.18/turn              o - +6 ring of strength
MPRegen  0.15/turn              P - ring of poison resistance

@: very quick
A: very small, unfitting armour, see invisible, herbivore, speed 3, slow
metabolism 2
a: Heroism, Finesse, Renounce Religion


You were on level 11 of the Dungeon.
You worshipped Okawaru.
Okawaru was extremely pleased with you.
You were not hungry.

You visited 2 branches of the dungeon, and saw 12 of its levels.

You collected 532 gold pieces.

Inventory:

Hand Weapons
 a - a +3 dagger of chaos (weapon)
 b - a +0 hunting sling
 c - a +3 rapier
Missiles
 j - 104 poisoned darts (quivered)
 k - 106 sling bullets
 r - 257 arrows
 L - 3 boomerangs
 M - 4 throwing nets {=f}
 Q - 299 stones
Armour
 p - a +0 robe (worn)
 E - a +1 buckler (worn)
Jewellery
 f - an amulet of faith (around neck) {Faith, !P}
 o - a +6 ring of strength (left hand)
 G - an uncursed amulet of guardian spirit {Spirit}
 P - a ring of poison resistance (right hand)
Wands
 C - a wand of polymorph (11)
 D - a wand of digging (6)
 J - a wand of clouds (1)
 N - a wand of paralysis (3)
 R - a wand of acid (5)
 T - a wand of disintegration (35)
Scrolls
 i - 3 scrolls of identify
 m - 2 scrolls of noise {unknown}
 n - a scroll of magic mapping {unknown}
 t - 3 scrolls of teleportation
 w - 3 scrolls of remove curse
 x - 2 scrolls of immolation {!r}
 z - 2 scrolls of enchant armour
 B - 2 scrolls of blinking {!r}
 H - 2 scrolls of amnesia {unknown}
 I - 2 scrolls of fog {unknown}
 K - a scroll of fear {unknown}
Potions
 d - a potion of might
 g - a potion of resistance {unknown}
 h - 2 potions of flight {unknown}
 l - 2 potions of heal wounds
 q - 4 potions of curing
 s - 2 potions of stabbing
 u - 2 potions of degeneration {unknown}
 v - 3 potions of brilliance
 A - 2 potions of mutation {unknown}
 F - a potion of magic {unknown}
 O - a potion of haste {unknown}
 U - 2 potions of lignification {unknown}
Miscellaneous
 S - a phantom mirror
Comestibles
 e - 10 rations


   Skills:
 + Level 5.5 Fighting
 * Level 9.3 Short Blades
 * Level 9.7 Slings
 + Level 4.3 Armour
 * Level 12.5 Dodging
 + Level 9.1 Stealth
 - Level 4.0 Shields
 * Level 5.7 Invocations
 + Level 3.0 Evocations


You had 10 spell levels left.
You didn't know any spells.
Your spell library contained the following spells:

 Spells                   Type           Power        Failure   Level  Hunger
 Magic Dart               Conj           #...         43%         1    ##.....
 Shock                    Conj/Air       #...         43%         1    ##.....
 Searing Ray              Conj           #.....       56%         2    ###....
 Swiftness                Chrm/Air       #.......     56%         2    ###....
 Dazzling Flash           Conj/Hex       #.....       80%         3    ####...
 Static Discharge         Conj/Air       #.......     80%         3    ####...
 Airstrike                Air            #.........   99%         4    #####..
 Fulminant Prism          Conj/Hex       #.........   99%         4    #####..
 Iskenderun's Mystic Bla  Conj/Tloc      #.......     99%         4    #####..
 Lightning Bolt           Conj/Air       #.........   100%        5    ######.


Dungeon Overview and Level Annotations

Branches:
Dungeon (11/15)            Temple (1/1) D:7            Lair (0/6) D:10
    Orc (0/2) D:10

Altars:
Ashenzari
Cheibriados
Elyvilon
Fedhas
Gozag
Makhleb
Nemelex Xobeh
Okawaru
Qazlal
Ru
Sif Muna
Wu Jian
Xom
Zin
The Shining One
Beogh

Shops:
D:4 [   D:7 }

Annotations:
D:5 2 transporters, Jaiteiro's ghost, novice CeFi


Innate Abilities, Weirdness & Mutations

You are very small and have problems with some larger weapons.
You are too small for most types of armour.
You have supernaturally acute eyesight. (SInv)
You are a herbivore.
You cover ground extremely quickly.
You need to consume almost no food.


Message History

Things that are here:
a +0 robe; a +3 dagger
Things that are here:
a +0 robe; a cursed +0 hand axe The hornet stings you!
* * * LOW HITPOINT WARNING * * *
You take 16 damage, and have 23/56 hp.
MASSIVE DAMAGE!!
Throwing (i - inventory. (/) - cycle)
j - 106 poisoned darts (quivered)
Aim: a hornet You throw a poisoned dart.
The poisoned dart hits the hornet.
The hornet is poisoned.
You see here 30 stones.
Throwing (i - inventory. (/) - cycle)
j - 105 poisoned darts (quivered)
Aim: a hornet (heavily wounded)
You throw a poisoned dart. The poisoned dart hits the hornet.
The hornet is poisoned.
The cyclops throws a large rock.
The large rock hits you!!
Ouch! That really hurt!
You die...

..>....).....[.#### ....)#
.)...........[....## ##.(.#
...............##..# #...#####
..............####.#####........
...............C....(...........
........[.......#####.##........
...>........#.#.# #..#........
......C....##...## ##..........
###.#.####..###.@#######........
#.....###.# #<.y.....(........
###.#.....####.#...###.^......
#..(.......#[..#.###........
##.............##.##.........
#..............[#.##.........
#..........##.....##.........
#.....C....###)..[.....####..
#..............)......##


You could see a cyclops and a hornet (poisoned).

Levels and vault maps discovered:
D:1:      dpeg_arrival_ratfight, layout_basic
D:2:      minmay_alternating_diamond, layout_rooms, first_ration, st_stairs_1
D:3:      layout_basic, tso_metal_star
D:4:      layout_rooms, old_standard_altar, serial_shops, shop, uniq_pikel,
          uniq_duvessa, uniq_eustachio, uniq_purgy, uniq_grinder
D:5:      layout_basic, gammafunk_ghost_mausoleum, tgw_xom
D:6:      layout_cave_pods, grunt_temple_overflow_forces_of_nature, basic_altar
D:7:      layout_loops_corners, minmay_temple_entry_arrows, serial_shops, shop,
          uniq_menkaure
D:8:      cheibrodos_two_vegetables, layout_basic, david_nohive_1,
          kennysheep_generic_room_15, uniq_grum
D:9:      layout_basic, chequers_temple_overflow_statue_of_worship,
          enter_bailey_2
D:10:     layout_roguey, due_lair_maze_entry_diamond,
          minmay_orc_entry_temple_small, basic_altar
D:11:     layout_rooms, chequers_guarded_unrand_ignorance
Temple:   eino_temple_rhombus

Notes
Turn   | Place    | Note
-------+----------+-------------------------------------------
     0 | D:1      | lepoulpe303 the Spriggan Fighter began the quest for the
                  | Orb.
     0 | D:1      | Reached XP level 1. HP: 11/11 MP: 2/2
    11 | D:1      | Identified a +0 short sword
   188 | D:1      | Identified a +0 short sword
   506 | D:1      | Identified a +0 club
   517 | D:1      | HP: 2/11 [hobgoblin/+0 club (5)]
  1011 | D:1      | Reached XP level 2. HP: 16/16 MP: 3/3
  1072 | D:1      | Identified a +0 club
  1400 | D:2      | Reached skill level 1 in Stealth
  1410 | D:2      | Reached skill level 5 in Dodging
  1410 | D:2      | Reached XP level 3. HP: 19/19 MP: 4/4
  1673 | D:2      | Identified a +0 dagger
  1843 | D:3      | Reached skill level 3 in Short Blades
  1870 | D:3      | Found a glowing golden altar of the Shining One.
  1871 | D:3      | Identified a +0 club
  1875 | D:3      | Identified a +0 hand axe
  1884 | D:3      | Identified a +2 flail of draining
  1896 | D:3      | Identified a +0 hunting sling
  1919 | D:3      | Reached XP level 4. HP: 23/23 MP: 5/5
  2003 | D:3      | Identified a +0 rapier
  2058 | D:3      | Reached skill level 2 in Stealth
  2155 | D:3      | Identified 3 scrolls of identify
  2155 | D:3      | Identified an amulet of faith (You found it on level 1 of
                  | the Dungeon)
  2392 | D:3      | Identified 2 potions of stabbing
  2659 | D:4      | Noticed a slave
  2659 | D:4      | Identified a +0 flail
  2659 | D:4      | Identified a +0 leather armour
  2659 | D:4      | Identified a +0 dagger
  2659 | D:4      | Identified a +0 robe
  2659 | D:4      | Identified a +0 dagger
  2659 | D:4      | Identified a +0 ring mail
  2660 | D:4      | Identified a +0 whip of flaming
  2660 | D:4      | Identified a cursed +0 robe
  2660 | D:4      | Noticed Pikel
  2667 | D:4      | Noticed a slave
  2670 | D:4      | Identified a +0 whip
  2673 | D:4      | Noticed a slave
  2684 | D:3      | Reached skill level 1 in Slings
  2684 | D:3      | Reached XP level 5. HP: 22/28 MP: 6/6
  2802 | D:4      | Identified a +0 leather armour
  2804 | D:4      | Identified a +0 dagger
  2804 | D:4      | Identified a +0 robe
  2857 | D:3      | Killed a slave
  3114 | D:3      | Killed Pikel
  3114 | D:3      | Reached skill level 3 in Fighting
  3114 | D:3      | Reached skill level 4 in Short Blades
  3114 | D:3      | Reached skill level 3 in Slings
  3114 | D:3      | Reached skill level 1 in Armour
  3114 | D:3      | Reached skill level 6 in Dodging
  3114 | D:3      | Reached skill level 3 in Stealth
  3114 | D:3      | Reached XP level 6. HP: 21/32 MP: 7/7
  3114 | D:3      | Reached XP level 7. HP: 24/36 MP: 8/8
  3319 | D:4      | Found Esif's Antique Armour Boutique.
  3355 | D:4      | Identified a cursed -2 rapier
  3355 | D:4      | Identified a +0 leather armour
  3355 | D:4      | Noticed Eustachio
  3390 | D:4      | Killed Eustachio
  3390 | D:4      | Reached skill level 7 in Dodging
  3390 | D:4      | Reached skill level 4 in Stealth
  3429 | D:4      | Identified a +0 dagger
  3429 | D:4      | Identified a +0 scale mail
  3435 | D:4      | Paralysed by an orc for 2 turns
  3440 | D:4      | Identified a +0 giant club
  3470 | D:4      | Reached skill level 3 in Shields
  3503 | D:4      | Identified a +0 dagger
  3503 | D:4      | Identified a +0 chain mail
  3507 | D:4      | Identified a +0 dagger
  3507 | D:4      | Identified a +2 robe of magic resistance
  3507 | D:4      | Noticed Dowan
  3578 | D:4      | Noticed Grinder
  3677 | D:4      | Killed Grinder
  3677 | D:4      | Reached skill level 5 in Short Blades
  3677 | D:4      | Reached skill level 4 in Slings
  3736 | D:4      | Reached XP level 8. HP: 22/40 MP: 9/9
  3888 | D:4      | Found a sparkling altar of Nemelex Xobeh.
  3888 | D:4      | Identified a +0 flail
  3889 | D:4      | Identified a +0 hand axe
  3889 | D:4      | Identified a +0 dagger
  3889 | D:4      | Identified a +0 robe
  3890 | D:4      | Identified a +0 club
  3938 | D:4      | HP: 9/40 [orc/+0 flail (7)]
  4275 | D:4      | Identified a +0 rapier
  4275 | D:4      | Identified a +0 scale mail
  4275 | D:4      | Noticed Duvessa
  4331 | D:4      | Killed Dowan
  4572 | D:4      | Reached skill level 2 in Armour
  4577 | D:4      | Noticed Purgy
  4649 | D:4      | Killed Purgy
  4864 | D:4      | Found a sparkling altar of Nemelex Xobeh.
  4988 | D:4      | Found Esif's Antique Armour Boutique.
  5108 | D:4      | Killed Duvessa
  5108 | D:4      | Reached skill level 8 in Dodging
  5108 | D:4      | Reached skill level 5 in Stealth
  5220 | D:5      | Entered Level 5 of the Dungeon
  5543 | D:5      | Found a transporter.
  5558 | D:5      | Found a transporter.
  5558 | D:5      | Noticed Jaiteiro's ghost (novice CeFi)
  5705 | D:5      | Reached skill level 5 in Slings
  5747 | D:5      | Identified a +0 club of chaos
  5807 | D:5      | Identified a +0 whip
  5807 | D:5      | Identified a +0 club
  5839 | D:5      | Identified a +0 spear
  5897 | D:5      | Identified a +0 giant spiked club
  5935 | D:5      | Identified a +2 dagger of chaos
  5952 | D:5      | Identified 3 scrolls of enchant weapon
  5952 | D:5      | Identified a +0 club of chaos
  6087 | D:5      | Identified an amulet of guardian spirit (You found it on
                  | level 5 of the Dungeon)
  6354 | D:5      | Found a shimmering altar of Xom.
  6360 | D:5      | Identified a +1 spear of chaos
  6711 | D:6      | Identified a +0 club
  6714 | D:6      | Identified a +0 long sword
  6714 | D:6      | Identified a +0 plate armour
  6716 | D:6      | Identified a +1 whip of distortion
  6716 | D:6      | Identified a +0 flail
  6719 | D:6      | Identified a cursed -1 dagger
  6719 | D:6      | Identified a +0 robe
  6723 | D:6      | Identified a cursed +0 dagger
  6723 | D:6      | Identified a +0 robe
  6729 | D:6      | Identified a +0 dagger
  6729 | D:6      | Identified a +0 robe
  6729 | D:6      | Identified a +0 dagger
  6729 | D:6      | Identified a +0 robe
  6759 | D:6      | Reached skill level 6 in Short Blades
  6841 | D:6      | Identified a +0 flail
  6844 | D:6      | Reached XP level 9. HP: 45/45 MP: 10/10
  6847 | D:6      | Identified a +0 club
  6886 | D:6      | Reached skill level 4 in Fighting
  6886 | D:6      | Reached skill level 9 in Dodging
  7084 | D:6      | Identified a +0 spear
  7084 | D:6      | Identified a +0 whip
  7087 | D:6      | Identified a +0 halberd
  7088 | D:6      | Identified a cursed -2 flail
  7199 | D:6      | Identified a +0 whip
  7200 | D:6      | Identified a +0 trident
  7200 | D:6      | Identified a +0 ring mail
  7200 | D:6      | Identified a +0 kite shield
  7222 | D:6      | Identified a cursed +0 halberd
  7225 | D:6      | Identified a +0 spear
  7229 | D:6      | Identified a +0 spear
  7229 | D:6      | Identified a +0 ring mail
  7229 | D:6      | Identified a cursed +0 buckler
  7463 | D:6      | Identified a +0 spear
  7471 | D:6      | Reached skill level 6 in Stealth
  7475 | D:6      | Identified a +0 flail
  7481 | D:6      | Reached skill level 6 in Slings
  7835 | D:6      | Identified a cursed -1 flail
  7835 | D:6      | Identified a +0 leather armour
  7835 | D:6      | Identified a +0 dagger
  7835 | D:6      | Identified a +0 ring mail
  7910 | D:6      | Found a blossoming altar of Fedhas.
  7914 | D:6      | Identified a +0 giant spiked club
  8125 | D:6      | Found a blossoming altar of Fedhas.
  8125 | D:6      | Found a stormy altar of Qazlal.
  8358 | D:6      | Identified a cursed +0 hand axe
  8358 | D:6      | Identified a +0 leather armour
  8833 | D:7      | Found a staircase to the Ecumenical Temple.
  8853 | D:7      | lepoulpe303: !whichgod spfi
  8853 | D:7      | meem: 6 recent wins for spfi: 5x Okawaru, Gozag
  8854 | Temple   | Entered the Ecumenical Temple
  8868 | Temple   | Became a worshipper of Warmaster Okawaru
  9062 | D:7      | Noticed Menkaure
  9099 | D:7      | Identified a ring of strength (You found it on level 2 of
                  | the Dungeon)
  9100 | D:7      | Identified a ring of see invisible (You found it on level 3
                  | of the Dungeon)
  9102 | D:7      | Identified a ring of poison resistance (You found it on
                  | level 5 of the Dungeon)
  9107 | D:7      | Identified a cursed -1 giant club
  9115 | D:7      | Reached skill level 3 in Armour
  9399 | D:7      | Found Fagh's Gadget Shop.
  9400 | D:7      | Identified a +0 shortbow
  9759 | D:7      | Reached skill level 7 in Short Blades
  9759 | D:7      | Reached skill level 4 in Shields
  9759 | D:7      | Reached skill level 1 in Invocations
  9920 | D:7      | Found a staircase to the Ecumenical Temple.
 10045 | D:7      | Found Fagh's Gadget Shop.
 10149 | D:7      | Killed Menkaure
 10149 | D:7      | Reached skill level 7 in Slings
 10149 | D:7      | Reached skill level 10 in Dodging
 10614 | D:8      | Identified a +1 halberd
 10614 | D:8      | Identified a +0 animal skin
 10614 | D:8      | Noticed Grum
 10623 | D:8      | Identified a +0 giant club
 10633 | D:8      | Reached * piety under Okawaru
 10708 | D:8      | Reached skill level 7 in Stealth
 10741 | D:8      | Killed Grum
 10741 | D:8      | Reached XP level 10. HP: 28/51 MP: 12/12
 11169 | D:8      | Reached skill level 2 in Invocations
 11405 | D:8      | Reached ** piety under Okawaru
 11458 | D:7      | Identified 3 potions of curing
 11697 | D:8      | HP: 12/51 [poisoned by a killer bee]
 11705 | D:8      | HP: 11/51 [poisoned by a killer bee]
 11985 | D:8      | Identified a +0 club
 11985 | D:8      | Identified a +0 ring mail
 13014 | D:8      | Identified 3 potions of brilliance
 15242 | D:8      | Reached skill level 3 in Invocations
 15246 | D:8      | Identified a +0 flail
 15246 | D:8      | Identified a +2 shortbow of flaming
 15346 | D:8      | Identified a +0 short sword
 15347 | D:8      | Identified a +0 dagger
 15347 | D:8      | Identified a cursed +0 robe
 15501 | D:8      | Identified a +0 shortbow
 15509 | D:8      | Reached skill level 8 in Slings
 15585 | D:8      | Identified 3 scrolls of blinking
 15586 | D:8      | Identified 3 scrolls of enchant armour
 15587 | D:8      | Identified 3 scrolls of immolation
 15588 | D:8      | Identified 3 scrolls of remove curse
 15608 | D:9      | Identified a +2 shortbow of freezing
 15608 | D:9      | Identified a cursed +0 short sword
 15608 | D:9      | Identified a +0 chain mail
 15608 | D:9      | Identified a +0 dagger
 15608 | D:9      | Identified a +0 dagger
 15608 | D:9      | Identified a +0 robe
 15608 | D:9      | Identified a +0 war axe
 15789 | D:9      | Identified a cursed -1 giant club
 15789 | D:9      | Identified a +0 giant spiked club
 15789 | D:9      | Noticed a two-headed ogre
 15973 | D:8      | Reached *** piety under Okawaru
 15973 | D:8      | Reached skill level 11 in Dodging
 16139 | D:9      | Identified a +0 club
 16139 | D:9      | Identified a +0 scale mail
 16140 | D:9      | Identified a +0 whip
 16211 | D:9      | Identified a +0 scale mail
 16211 | D:9      | Identified a +0 falchion
 16211 | D:9      | Identified a +0 leather armour
 16213 | D:9      | Identified a +0 dagger
 16213 | D:9      | Identified a +0 robe
 16237 | D:9      | Found a shimmering blue altar of Sif Muna.
 16237 | D:9      | Found a burning altar of Makhleb.
 16264 | D:9      | Reached skill level 8 in Short Blades
 16407 | D:9      | Identified a +0 flail
 16433 | D:9      | Identified a cursed -3 giant club
 16434 | D:9      | Found a flagged portal.
 16454 | D:9      | Identified a +0 hand axe
 16454 | D:9      | Identified a +0 ring mail
 16462 | D:9      | Identified a cursed -3 mace
 16522 | D:8      | Identified a +0 shortbow
 16717 | D:9      | Reached skill level 8 in Stealth
 16747 | D:9      | Reached skill level 4 in Invocations
 16828 | D:9      | Identified 3 scrolls of teleportation
 17175 | D:9      | Killed a two-headed ogre
 17175 | D:9      | Reached **** piety under Okawaru
 17175 | D:9      | Reached skill level 5 in Fighting
 17211 | D:10     | Entered Level 10 of the Dungeon
 17211 | D:10     | Identified a +0 giant club
 17217 | D:10     | Found a sacrificial altar of Ru.
 17251 | D:10     | Reached XP level 11. HP: 50/55 MP: 15/15
 17285 | D:10     | Identified a cursed -1 club
 17296 | D:10     | HP: 13/55 [poisoned by a killer bee]
 17304 | D:10     | HP: 13/55 [poisoned by a killer bee]
 17793 | D:10     | Reached ***** piety under Okawaru
 17880 | D:10     | Identified a +0 glaive
 17880 | D:10     | Identified a +0 plate armour
 17880 | D:10     | Identified a +0 dagger
 17881 | D:10     | Identified a +0 dagger
 17881 | D:10     | Identified a +0 robe
 17881 | D:10     | Identified a +0 short sword
 17881 | D:10     | Identified a +0 ring mail
 17951 | D:10     | Identified a +0 whip
 17973 | D:10     | Found a staircase to the Orcish Mines.
 17973 | D:10     | Identified a +0 hand axe
 17975 | D:10     | Identified a +0 hand axe
 17978 | D:10     | Identified a +0 whip
 17978 | D:10     | Identified a +0 leather armour
 18012 | D:10     | Identified a +0 whip
 18013 | D:10     | Identified a +0 dagger
 18013 | D:10     | Identified a +0 robe
 18014 | D:10     | Identified a cursed -2 club
 18014 | D:10     | Identified a +0 ring mail
 18024 | D:10     | Identified a +0 dagger
 18024 | D:10     | Identified a +0 leather armour
 18027 | D:10     | Identified a +0 falchion
 18205 | D:10     | Identified a +0 halberd
 18205 | D:10     | Identified a cursed +0 robe
 18205 | D:10     | Identified a +5 war axe
 18205 | D:10     | Identified a +0 robe
 18205 | D:10     | Identified a +0 dagger
 18205 | D:10     | Identified a +0 robe
 18230 | D:10     | Reached skill level 1 in Evocations
 18668 | D:10     | Found a roughly hewn altar of Beogh.
 18738 | D:10     | Identified a +1 dagger of protection
 18738 | D:10     | Identified a +0 dagger
 18739 | D:10     | Identified a +0 short sword
 18743 | D:10     | Identified a +0 short sword
 18747 | D:10     | Identified a +0 short sword
 18747 | D:10     | Identified a +0 dagger
 18960 | D:10     | Found a staircase to the Lair.
 18991 | D:10     | Noticed an unseen horror
 18995 | D:10     | Killed an unseen horror
 18995 | D:10     | Received a gift from Okawaru
 18995 | D:10     | Reached skill level 9 in Slings
 18995 | D:10     | Reached skill level 4 in Armour
 19001 | D:10     | Noticed an unseen horror
 19004 | D:10     | Killed an unseen horror
 19004 | D:10     | Reached skill level 5 in Invocations
 19318 | D:11     | Identified a cursed +8 flail of freezing
 19318 | D:11     | Identified a +0 robe
 19320 | D:11     | Identified a cursed -2 mace
 19320 | D:11     | Noticed an unseen horror
 19325 | D:11     | Identified a +0 hand axe
 19325 | D:11     | Identified a +0 chain mail
 19360 | D:11     | Killed an unseen horror
 19360 | D:11     | Reached skill level 12 in Dodging
 19369 | D:11     | Reached skill level 9 in Short Blades
 19369 | D:11     | Reached skill level 2 in Evocations
 19506 | D:11     | Identified a +0 whip
 19506 | D:11     | Identified a +0 whip
 19506 | D:11     | Identified a +0 hand crossbow
 19507 | D:11     | Received a gift from Okawaru
 19508 | D:11     | Identified a +0 club
 19517 | D:11     | Identified a +0 trident
 19529 | D:10     | HP: 1/56 [manticore/volley of spikes (22)]
 19530 | D:10     | Identified 3 potions of heal wounds
 19795 | D:11     | Reached skill level 9 in Stealth
 19811 | D:11     | Identified a +3 dagger
 19811 | D:11     | Identified a +0 robe
 19824 | D:11     | Identified a cursed +0 hand axe
 19824 | D:11     | Identified a +0 robe
 19842 | D:11     | Received a gift from Okawaru
 19983 | D:11     | Identified a +0 flail
 19983 | D:11     | Identified a +0 leather armour
 19985 | D:11     | Identified a +0 trident
 19985 | D:11     | Identified a +0 chain mail
 20003 | D:11     | Identified a +0 club
 20003 | D:11     | Identified a +3 leather armour
 20103 | D:11     | Identified a +0 giant club
 20103 | D:11     | Identified a cursed +0 giant club
 20103 | D:11     | Noticed a two-headed ogre
 20111 | D:11     | Identified a +0 flail
 20116 | D:11     | Identified a +0 club
 20180 | D:10     | Killed a two-headed ogre
 20180 | D:10     | Reached skill level 3 in Evocations
 20443 | D:11     | Hit by a large rock thrown by a cyclops

Table legend:
 A = Turns spent in this place as a percentage of turns spent in the entire game.
 B = Non-inter-level travel turns spent in this place as a percentage of non-inter-level travel turns spent in the entire game.
 C = Inter-level travel turns spent in this place as a percentage of turns spent in this place.
 D = Turns resting spent in this place as a percentage of non-inter-level travel turns spent in this place.
 E = Turns spent auto-exploring this place as a percentage of non-inter-level travel turns spent in this place.
 F = Non-inter-level travel turns spent in this place divided by the number of levels of this place that you've seen.
                   A       B       C       D       E      F
               +-------+-------+-------+-------+-------+----------------------
         Total | 100.0 | 100.0 |   2.7 |  40.2 |  33.8 | 1657.0
       Dungeon |  99.9 |  99.9 |   2.7 |  40.2 |  33.8 | 1806.2
        Temple |   0.1 |   0.1 |  36.0 |   0.0 |  37.5 |  16.0
               +-------+-------+-------+-------+-------+----------------------

Table legend:
 A = Kills in this place as a percentage of kills in entire the game.
 B = Kills by you in this place as a percentage of kills by you in the entire game.
 C = Kills by friends in this place as a percentage of kills by friends in the entire game.
 D = Other kills in this place as a percentage of other kills in the entire game.
 E = Experience gained in this place as a percentage of experience gained in the entire game.
 F = Experience gained in this place divided by the number of levels of this place that you have seen.
                   A       B       C       D       E      F
               +-------+-------+-------+-------+-------+----------------------
         Total | 100.0 | 100.0 |   N/A |   N/A | 100.0 | 1646.0
       Dungeon | 100.0 | 100.0 |   N/A |   N/A | 100.0 | 1795.6
               +-------+-------+-------+-------+-------+----------------------

Skill      XL: |  1  2  3  4  5  6  7  8  9 10 11 |
---------------+----------------------------------+-----
Stealth        | 1 2 3 4 5 7 8 9 |  9.1
Dodging        | 5 6 7 8 10 11 12 | 12.5
Short Blades   | 3 4 5 6 7 8 9 |  9.3
Slings         | 1 3 4 5 7 8 9 |  9.7
Fighting       | 3 4 5 |  5.5
Armour         | 1 2 3 4 |  4.3
Shields        | 3 4 |  4.0
Invocations    | 1 4 5 |  5.7
Evocations     | 3 |  3.0

Action                   |  1- 3 |  4- 6 |  7- 9 | 10-12 || total
-------------------------+-------+-------+-------+-------++-------
Melee: Rapier            |    73 |    75 |   446 |   598 ||  1192
       Dagger            |       |       |     1 |    81 ||    82
 Fire: Hunting sling     |       |    34 |   164 |   194 ||   392
Throw: Dart              |    16 |    32 |   107 |    90 ||   245
Invok: Heroism           |       |       |       |     2 ||     2
Evoke: Wand              |       |       |     3 |     6 ||     9
  Use: Scroll            |       |     2 |     4 |     8 ||    14
       Potion            |       |       |       |     1 ||     1
 Stab: Sleeping          |     8 |       |    10 |    14 ||    32
       Distracted        |       |       |     1 |     3 ||     4
       Paralysed         |       |       |       |     1 ||     1
       Confused          |       |       |       |     1 ||     1
       Petrifying        |       |       |       |     1 ||     1
       Petrified         |       |       |       |     1 ||     1
  Eat: Ration            |       |       |     4 |     5 ||     9
Armor: Robe              |     5 |     3 |    15 |     8 ||    31
Dodge: Dodged            |    36 |    52 |   328 |   542 ||   958
Block: Buckler           |    12 |    19 |   128 |   222 ||   381

Vanquished Creatures
  2 two-headed ogres
  3 unseen horrors
  Pikel (D:3)
  A manticore (D:10)
  2 cyclopes (D:11)
  A queen bee (D:8)
  Grinder (D:4)
  A hornet (D:9)
  2 hippogriffs
  4 yaks
  Eustachio (D:4)
  Grum (D:8)
  Menkaure (D:7)
  Duvessa (D:4)
  A porcupine (D:10)
  Purgy (D:4)
  4 orc warriors
  6 ice beasts
  2 sky beasts (D:8)
  A slave (D:3)
  3 black bears
  3 wolves (D:8)
  3 phantoms
  5 centaurs
  7 ogres
  2 crocodiles (D:10)
  3 big kobolds
  2 gnoll sergeants (D:6)
  7 bullfrogs
  A wyvern skeleton (D:7)
  4 scorpions
  Dowan (D:4)
  20 killer bees
  6 wights
  A howler monkey (D:9)
  6 electric eels (D:8)
  2 crimson imps
  A centaur zombie (D:8)
  4 bullfrog zombies
  A quasit (D:9)
  4 hounds
  4 jellies
  A centaur skeleton (D:8)
  7 orc priests
  12 orc wizards
  2 iguanas
  8 worker ants
  A hound skeleton (D:4)
  15 gnolls
  16 adders
  8 shadow imps
  3 oozes
  An adder skeleton (D:2)
  3 worms
  A dart slug (D:1)
  5 leopard geckos
  43 orcs
  3 ball pythons
  4 giant cockroaches
  3 goblins
  3 hobgoblins
  9 jackals
  A quokka (D:9)
  2 bats
  5 frilled lizards
  A jackal skeleton (D:4)
  21 kobolds
  A leopard gecko skeleton (D:8)
  A quokka skeleton (D:4)
  9 rats
  A plant (D:10)
317 creatures vanquished.

Vanquished Creatures (others)
  A slave (D:4)
  16 fungi (D:10)
  5 plants
22 creatures vanquished.

Grand Total: 339 creatures vanquished
